Cogmind - Beta 14 @@@ ROGUE MODE // 2024.12.28 @ 21:26:41 Player: Golinth Result: Self-destructed Performance ------------- Evolutions (2) 1000 Regions Visited (3) 600 Robots Destroyed (32) 160 Value Destroyed (388) 388 Prototype IDs (0) 0 Alien Tech Used (0) 0 Bonus (0) 0 TOTAL SCORE: 2148 Bonus ------- None Cogmind --------- Core Integrity 465/550 Matter 300/300 Energy 204/250 System Corruption 2% Temperature Cool (9) Movement Flying (109) Ox1 Location -8/Materials Parts ------- > --- POWER (1) -------- Ion Engine > --- PROPULSION (4) --- VTOL Module VTOL Module VTOL Module > --- UTILITY (4) ------ Medium Storage Unit Visual Processing Unit > --- WEAPON (2) ------- (None) > --- INVENTORY (10) --- Wheel Compact Wheel Signal Interpreter Seismic Detector Targeting Computer Hacking Suite EM Pulse Gun Medium Laser Light Assault Rifle Light Assault Rifle Peak State ------------ > --- POWER ------------ Ion Engine > --- PROPULSION ------- VTOL Module VTOL Module VTOL Module VTOL Module > --- UTILITY ---------- Medium Storage Unit Visual Processing Unit Sensor Array Seismic Detector > --- WEAPON ----------- Light Assault Rifle > --- INVENTORY -------- Wheel Compact Wheel Signal Interpreter Targeting Computer EM Pulse Gun Medium Laser Light Assault Rifle [Rating: 15] Favorites ----------- Power Ion Engine Engine Ion Engine Propulsion VTOL Module Treads Light Treads Wheel Wheel Hover Unit Hover Unit Flight Unit VTOL Module Utility Visual Processing Unit Device Sensor Array Storage Medium Storage Unit Processor Visual Processing Unit Weapon Light Assault Rifle Energy Gun Medium Laser Ballistic Gun Light Assault Rifle Build | -11 -10 -9 -8 ------- Run | Yrd Mat Mat Mat Slots Evolved 4 | . . 2 2 Power . | . . . . Propulsion 2 | . . 2 . Utility 2 | . . . 2 Weapon . | . . . . Parts Attached 35 | 7 21 4 3 Power 4 | 1 3 . . Engine 4 | 1 3 . . Core . | . . . . Reactor . | . . . . Propulsion 20 | 2 14 4 . Treads 2 | 2 . . . Leg . | . . . . Wheel 11 | . 11 . . Hover 3 | . 3 . . Flight 4 | . . 4 . Utility 7 | 2 2 . 3 Device 4 | 1 . . 3 Storage 2 | 1 1 . . Processor 1 | . 1 . . Hackware . | . . . . Protection . | . . . . Artifact . | . . . . Weapon 4 | 2 2 . . Energy Gun 2 | 1 1 . . Energy Cannon . | . . . . Ballistic Gun 2 | 1 1 . . Ballistic Cannon . | . . . . Launcher . | . . . . Special Weapon . | . . . . Impact Weapon . | . . . . Slashing Weapon . | . . . . Piercing Weapon . | . . . . Special Melee Weapon . | . . . . Unidentified Prototypes . | . . . . Parts Lost 6 | . 4 . 2 Power 1 | . 1 . . Propulsion 4 | . 3 . 1 Utility 1 | . . . 1 Weapon . | . . . . Highest Loss Streak 3 | . 3 . 1 To Critical Strikes . | . . . . Average Slot Usage (%) 81 | . 96 88 72 Engine 10 | . 14 11 9 Treads 1 | . 3 . . Wheel 8 | . 23 . . Flight 23 | . . 44 36 Device 6 | . 2 . 9 Storage 10 | . 14 11 9 Processor 9 | . 11 11 9 Energy Gun 2 | . 8 . . Ballistic Gun 6 | . 17 11 . Peak Build Rating 15 | 7 9 14 15 Average Rating 10 | 6 7 12 13 On Entrance 7 | . 7 9 13 Naked Turns . | . . . . Heaviest Build 18 | 14 18 16 18 Greatest Support 40 | 40 40 16 16 Greatest Overweight (x) 2 | . 2 . 1 Average Overweight (x) . | . . . . Largest Inventory Capacity 10 | 8 10 10 10 Average Capacity 9 | 7 9 10 10 Most Carried 10 | 5 10 9 10 Average Carried 7 | 2 7 8 9 Final Capacity 10 | 8 10 10 10 Final Carried 10 | 3 10 9 10 Class Distribution -------------------- 51% | Sprinter 37% | Mutant 10% | Scavenger-Mutant Dominant Class ---------------- Mutant | -10/Materials Sprinter | -9/Materials Sprinter | -8/Materials Resources | -11 -10 -9 -8 ----------- Run | Yrd Mat Mat Mat Matter Collected 692 | 307 261 . 124 Remotely . | . . . . Salvage Created 915 | 334 581 . . Parts 69 | 27 42 . . Haulers Intercepted . | . . . . Recyclers Shooed 5 | 3 2 . . Parts Field Recycled . | . . . . Retrieved Matter . | . . . . Parts Self-Destructed . | . . . . Prevented . | . . . . Kills | -11 -10 -9 -8 ------- Run | Yrd Mat Mat Mat Combat Hostiles Destroyed 9 | . 9 . . Guns 9 | . 9 . . Classes Destroyed 8 | 3 5 . . Worker 7 | 4 3 . . Builder 1 | . 1 . . Tunneler 9 | 8 1 . . Recycler 3 | 1 2 . . Operator 1 | . 1 . . Watcher 2 | . 2 . . Swarmer 3 | . 3 . . Grunt 6 | . 6 . . Best Kill Streak 4 | 3 4 . . Combat Bots Only 3 | . 3 . . Max Kills in Single Turn 1 | 1 1 . . Gunslinging . | . . . . Exploded . | . . . . Melee . | . . . . Uniques/NPCs Destroyed . | . . . . Combat | -11 -10 -9 -8 -------- Run | Yrd Mat Mat Mat Hostile Shots Fired 94 | . 57 2 35 Missed 36 | . 15 1 20 Damage Taken 699 | . 482 16 201 Core 202 | . 101 16 85 Absorbed by Shields . | . . . . Core Remaining (%) 85 | 100 59 96 . Volleys Fired 110 | 37 73 . . Largest 2 | 2 2 . . Hottest 70 | 70 70 . . Shots Fired 211 | 74 137 . . Gun 211 | 74 137 . . Cannon . | . . . . Launcher . | . . . . Special . | . . . . Kinetic 136 | 37 99 . . Thermal 75 | 37 38 . . Explosive . | . . . . Electromagnetic . | . . . . Robot Hit Streak 9 | 7 9 . . Robot Miss Streak 4 | 3 4 . . Penetration Max . | . . . . Secondary Targets 1 | . 1 . . Max Gunslinging Chain 1 | . 1 . . Shots Hit Robots 125 | 44 81 . . Core Hits 58 | 19 39 . . Critical Kills 1 | . 1 . . Critical Parts Destroyed . | . . . . Critical Strikes 6 | 1 5 . . Burn 5 | 1 4 . . Destroy 1 | . 1 . . Melee Attacks . | . . . . Impact . | . . . . Slashing . | . . . . Piercing . | . . . . Sneak Attacks . | . . . . Combat Hostiles . | . . . . Follow-up Attacks . | . . . . Damage Inflicted 1241 | 477 764 . . Guns 1241 | 477 764 . . Cannons . | . . . . Explosions . | . . . . Melee . | . . . . Ramming . | . . . . Kinetic 593 | 165 428 . . Thermal 648 | 312 336 . . Explosive . | . . . . Electromagnetic . | . . . . Impact . | . . . . Slashing . | . . . . Piercing . | . . . . Highest Corruption 2 | . . 1 2 Average Corruption 1 | . . 1 1 Corruption Purged . | . . . . Corruption Blocked . | . . . . Effects 20 | . . 1 19 Message Errors 5 | . . 1 4 Matter Fused 4 | . . . 4 Heat Flow Errors 3 | . . . 3 Energy Discharges 3 | . . . 3 Data Loss (minor) 3 | . . . 3 Data Loss (major) 2 | . . . 2 Overload Shots . | . . . . Overflow Damage . | . . . . Projectiles . | . . . . Explosions . | . . . . Melee . | . . . . Knockbacks . | . . . . Impact . | . . . . Kinetic . | . . . . Secondary . | . . . . Self-Inflicted Damage . | . . . . Shots . | . . . . Rammed . | . . . . Targets Rammed . | . . . . Kicked . | . . . . Crushed . | . . . . Highest Temperature 275 | 140 170 6 275 Average Temperature 49 | 35 47 4 85 Received Heat Transfer 366 | . 249 9 108 Siege Activations . | . . . . Robots Corrupted . | . . . . Combat Hostiles . | . . . . Parts Fried . | . . . . Impact Corruptions . | . . . . Robots Melted . | . . . . Combat Hostiles . | . . . . Parts Melted 6 | 2 4 . . Heat Transferred 2294 | 999 1295 . . Parts Sabotaged . | . . . . Parts Stolen . | . . . . Parts Stripped . | . . . . Power Chain Reactions . | . . . . Alert | -11 -10 -9 -8 ------- Run | Yrd Mat Mat Mat Peak Influence 401 | 65 266 131 401 Initial 55 | . . 28 55 Average 60 | 22 118 94 35 Maximum Alert Level 2 | . 1 . 2 Low Security (%) 93 | 100 81 100 98 Level 1 6 | . 18 . 1 Level 2 . | . . . . Level 3 . | . . . . Level 4 . | . . . . Level 5 . | . . . . High Security . | . . . . Max Security . | . . . . Squads Dispatched 10 | . 4 . 6 Investigation 4 | . 1 . 3 Extermination . | . . . . Reinforcement 6 | . 3 . 3 Assault . | . . . . Garrison . | . . . . Intercept . | . . . . Searches Triggered . | . . . . Construction Impeded . | . . . . Haulers Reinforced . | . . . . Active Scanning Responses . | . . . . Cargo Convoy Interrupts . | . . . . Stealth | -11 -10 -9 -8 --------- Run | Yrd Mat Mat Mat Distress Signals 3 | . 1 . 2 Communications Jammed . | . . . . Distress Signals . | . . . . Times Spotted 71 | . 31 3 37 Peak Tracking Total 20 | . 7 3 20 Tactical Retreats 8 | . 3 . 5 Traps | -11 -10 -9 -8 ------- Run | Yrd Mat Mat Mat Traps Triggered 2 | . . 1 1 Indirectly . | . . . . Trap Hack Attempts . | . . . . Triggered . | . . . . Disarmed . | . . . . Reprogrammed . | . . . . Reused . | . . . . Traps Extracted . | . . . . Installed . | . . . . Triggered . | . . . . Machines | -11 -10 -9 -8 ---------- Run | Yrd Mat Mat Mat Machines Disabled . | . . . . Max in Single Turn . | . . . . Machines Repaired . | . . . . Machines Dismantled . | . . . . Machines Sabotaged . | . . . . Overloaded Fab Kills . | . . . . Hacking | -11 -10 -9 -8 --------- Run | Yrd Mat Mat Mat Machines Accessed 12 | . 6 3 3 Terminals 8 | . 4 2 2 Fabricators . | . . . . Repair Stations 2 | . 1 1 . Recycling Units 2 | . 1 . 1 Scanalyzers . | . . . . Garrison Access . | . . . . Total Hacks 32 | . 12 10 10 Successful 20 | . 10 6 4 Failed 12 | . 2 4 6 Catastrophic 3 | . 1 . 2 Database Lockouts . | . . . . Manual 33 | . 13 10 10 Terminals 24 | . 8 8 8 Fabricators . | . . . . Repair Stations 3 | . 1 2 . Recycling Units 5 | . 3 . 2 Scanalyzers . | . . . . Garrison Access . | . . . . Terminal Hacks . | . . . . Fabricator Hacks . | . . . . Repair Station Hacks . | . . . . Recycling Unit Hacks 1 | . 1 . . Retrieve Components 1 | . 1 . . Scanalyzer . | . . . . Garrison Access Hacks . | . . . . Unauthorized Hacks 19 | . 9 6 4 Terminals 13 | . 6 5 2 Track 7 | . 3 2 2 Assimilate 3 | . 1 2 . Botnet 2 | . 1 1 . Detonate 1 | . 1 . . Fabricators . | . . . . Repair Stations 2 | . 1 1 . Mechanics 2 | . 1 1 . Recycling Units 4 | . 2 . 2 Reject 2 | . 1 . 1 Recyclers 2 | . 1 . 1 Scanalyzers . | . . . . Garrison Access . | . . . . Data Cores Recovered . | . . . . Used . | . . . . Hacking Detections 9 | . 3 3 3 Full Trace Events 3 | . 1 . 2 Feedback Events 2 | . . . 2 Corruption 2 | . . . 2 Feedback Blocked . | . . . . Robot Schematics Acquired . | . . . . Robots Built . | . . . . Authchips . | . . . . Time . | . . . . Total Robot Build Rating . | . . . . Part Schematics Acquired . | . . . . Parts Built . | . . . . Authchips . | . . . . Time . | . . . . Total Part Build Rating . | . . . . Parts Repaired . | . . . . Time . | . . . . Parts Recycled . | . . . . Recycled Matter . | . . . . Retrieved Matter . | . . . . Retrieved Components 4 | . 4 . . Parts Scanalyzed . | . . . . Part Schematics Acquired . | . . . . Parts Damaged . | . . . . Bothacking | -11 -10 -9 -8 ------------ Run | Yrd Mat Mat Mat Used RIF Installer . | . . . . Robots Hacked . | . . . . Non-combat . | . . . . Combat . | . . . . Robot Hacks Applied . | . . . . Relay Couplers Released . | . . . . Fabnet Peak Effective % . | . . . . Robots Rewired . | . . . . Allies Hacked . | . . . . Hacks Repelled . | . . . . Allies | -11 -10 -9 -8 -------- Run | Yrd Mat Mat Mat Total Allies . | . . . . Largest Group . | . . . . Highest-Rated Group . | . . . . Highest-Rated Ally . | . . . . Total Orders . | . . . . Ally Attacks . | . . . . Total Damage . | . . . . Kills . | . . . . Allies Corrupted . | . . . . Allies Melted . | . . . . Intel | -11 -10 -9 -8 ------- Run | Yrd Mat Mat Mat Robot Analysis Total . | . . . . Derelict Logs Recovered . | . . . . Drone Launches . | . . . . Drone Recoveries . | . . . . Exploration | -11 -10 -9 -8 ------------- Run | Yrd Mat Mat Mat Turns Passed 3168 | 455 967 98 1648 Spaces Moved 1841 | 220 564 172 885 Core 15 | 15 . . . Treads 262 | 205 57 . . Legs . | . . . . Wheels 490 | . 490 . . Hover 17 | . 17 . . Flight 1057 | . . 172 885 Fastest Speed 26 | 50 80 26 26 Average Speed 66 | 152 95 26 33 Slowest Speed 185 | 160 185 26 106 Overloaded Moves . | . . . . Propulsion Burnouts . | . . . . Robots Hopped 13 | . . . 13 Cave-ins Triggered . | . . . . Exploration Rate (%) 38 | 6 69 17 61 Regions Visited 3 Branch Regions . Pre-discovered Areas . | . . . . Known Exits Taken . | . . . . Unknown Exits Taken 3 | 1 1 1 . Scrap Searched . | . . . . Spaces Dug . | . . . . Terrain Destroyed . | . . . . Melee . | . . . . Projectile . | . . . . AOE . | . . . . Terrain Rammed . | . . . . Walls Destroyed . | . . . . Machines Disabled . | . . . . Actions | -11 -10 -9 -8 --------- Run | Yrd Mat Mat Mat Total 3595 | 273 874 224 2224 Wait 1573 | . 179 48 1346 Move 1813 | 219 563 171 860 Hop 12 | . . . 12 Pick Up 35 | 10 24 . 1 Fast Attach . | . . . . Attach 17 | 7 6 2 2 Detach 4 | . 1 1 2 Swap 18 | . 15 2 1 Drop 13 | . 13 . . Fire 110 | 37 73 . . Melee . | . . . . Ram . | . . . . Kick . | . . . . Crush . | . . . . Escape Stasis . | . . . . Rewire . | . . . . Trap . | . . . . Miscellaneous . | . . . . Route ------- -11/Scrapyard -10/Materials (discovered 2 exits: *Mat / [*Min]) -9/Materials -8/Materials History --------- Turn | Location | Event 8 | -11/Scrapyard | Discovered new exit (range 15) 456 | -11/Scrapyard | Entered Materials 457 | -10/Materials | Build established: Mutant 971 | -10/Materials | Discovered new exit (range 10) 1261 | -10/Materials | Lost 3 parts (1p2n) 1404 | -10/Materials | Discovered new exit (range 4) 1423 | -10/Materials | Entered another Materials area 1423 | -9/Materials | Evolved 2 slots: Propulsion x2 1519 | -9/Materials | Discovered new exit (range 11) 1521 | -9/Materials | Entered another Materials area 1521 | -8/Materials | Evolved 2 slots: Utility x2 1933 | -8/Materials | Build established: Sprinter 3169 | -8/Materials | Self-destructed Last Messages --------------- 02914_ System corrupted: Heat flow error (+200). 02948_ Acquired 124 matter. 02986_ System corrupted: Component data lost. 03056_ ALERT: Suspicious intruders detected, dispatching Cutter reinforcements to area. 03063_ O-16 Technician sends out distress signal. 03063_ O-16 Technician: "IFF HANDSHAKE FAILED. SECURING TERMINAL." 03064_ U-05 Engineer works on Matter Pump. 03070_ O-16 Technician uses terminal to summon reinforcements. 03070_ ALERT: Hostiles spotted, dispatching reinforcements to Terminal M001. 03070_ O-16 Technician locks terminal. 03071_ K-01 Serf cleans the Matter Filter. 03088_ K-01 Serf destroyed. 03116_ Slug penetrates Wall. 03122_ Critical hit (Burn: +37). [Achievement: Hunted] 03125_ Sensor Array destroyed. 03141_ W-25 Informer sends out distress signal. 03169_ VTOL Module destroyed. Map ----- +----------------------------------------------------+ | #?????# #?# + + #??? | | #?????# #?# # # =#??? | | #### #?????# #?# # """ # #??? | | ???# #?????# #?# # """ # #??? | | ???# #?????# #?# # """ * ###########??? | | ???# #?????# #?########## #????????????? | | ???# #?????# #??????????# [ #????????????? | | ???# #?????# #??????????# "" ########?????? | | ???# #?????# #??????????# Y" # ! #?????? | | ???# #?????# #??????????# "" # T #?????? | | ???# #?????# #??????????# # #?????? | | ???# #?????# #??????????# / #?????? | | ???# #????"# #?????########+## # #?????? | | ???# #??"""# #?????# # # #?????? | | ???# # """# #?????# # ####/###?????? | | ???# + # #?????# """"""" # #??# #???????? | | ???# #######+#?????# """"""" # #??# #???????? | | ???# # ! #?????# """"""" # #?## ##??????? | | ???# # #?????# """"""" # #?# ######## | | ???#r# #?????# """"""" # #?# + # | | #### # ! #?????# # #?# ## T # | | # = #############+### #?# ## # | | + ## ## #?# ### ## ] # | | # ## """ ## ### ##g # # | | #### # ## """ # g g # # | | ???# # ! ## """ /@ T + """ # | | ???# # ##"" # # """ # | | ???# # ##"Y # ######+## # """ # | | ???# ##########"" # #???? ## ## # | | ???# #????????# # #????!! ?# ## # | | ???# #????????####+###### #??? ! ## ## # | | ???? ????????????# ###### #??? ## ######## | | ???? ????????????# ## ########## #??????? | | ???? ????????????# ## #??????? | | ???? ????????????# ] #??????? | | ???? ????????????# ## #??????? | | ???? ????????????# ## ##+####### #??????? | | ???? ????????????# ######## #?# #??????? | | ???? ????????#####+#####??# [[! #?#####??????? | | ?????????????# #??# [[! #????????????? | | ?????????????# #??# [ ! #????????????? | | ?????????????# ! #??# #????????????? | | ?????????????# #??#* ! #????????????? | | ?????????????###########??########????????????? | | | | | | | | | | | | | +----------------------------------------------------+ Best States ------------- Heat Dissipation 31 Energy Generation 10 Energy Capacity 250 Matter Stores 300 Matter Capacity 300 Sight Range 18 Robot Scan Range 14 Terrain Scan Density 10 Evasion (%) 64 Recoil Reduction 2 Item Schematics ----------------- None Robot Schematics ------------------ None Fabricated ------------ Nothing Alien Tech Used ----------------- None Achievements -------------- Hunted Party Time Challenges ------------ None Game ------ Seed ScanFactoryRigger Manual? 0 Play Time 00:23:44 Cumulative 11.4 hours Start 2024.12.28 @ 20:55:29 End 2024.12.28 @ 21:26:41 Sessions 1 Manual Loads 0 Difficulty Rogue Special Mode None Game No. 21 Rogue 14 Adventurer 7 Explorer 0 Win Type - Total 0 Types 0/0/0/0/0/0/0/0/0 Lore% 6 Gallery% 18 Achievement% 17 Wizard Run 0 Options --------- Layout 0 ASCII 0 Keyboard 0 Movement Mouse Keybinds 0 Fullscreen 1 Font 24/Smallcaps Map View 76x50 Zoom Use 0% Tactical HUD 1 Map Filters NONE Filters NONE Steam 1 RUN: abf682cd-452b-498a-96d6-faaf94f14269